 Dungeon Crawl Stone Soup version 0.26.1-10-gdfb7c7de75 (webtiles) character file.

Game seed: 4343249773329207622

180 H0rd4k the Charlatan (level 5, 0/38 HPs)
             Began as a Human Artificer on Apr 12, 2021.
             Succumbed to an orc's poison
             ... on level 3 of the Dungeon.
             The game lasted 00:03:36 (2941 turns).

H0rd4k the Charlatan (Human Artificer)              Turns: 2941, Time: 00:03:37

Health: 0/38       AC:  3    Str: 11 (13) XL:     5   Next: 91%
Magic:  5/5        EV: 11    Int:  8 (11) God:
Gold:   126        SH:  0    Dex: 12 (14) Spells: 4/4 levels left

rFire    . . .     SeeInvis .   g - +0 dagger
rCold    . . .     Faith    .   (no shield)
rNeg     . . .     Spirit   .   b - +0 leather armour
rPois    .         Reflect  .   (no helmet)
rElec    .         Harm     .   (no cloak)
rCorr    .         Rampage  .   (no gloves)
Will     .....                  (no boots)
Stlth    +.........             (no amulet)
HPRegen  0.12/turn              (no ring)
MPRegen  0.09/turn              (no ring)

@: mighty, lethally poisoned (0 -> -7), attractive, hasted, very quick
A: no striking features
a: no special abilities


You were on level 3 of the Dungeon.
You visited 1 branch of the dungeon, and saw 4 of its levels.

You collected 126 gold pieces.

Inventory:

Hand Weapons
 a - a +0 club
 g - a +0 dagger (weapon)
Armour
 b - a +0 leather armour (worn)
Wands
 c - a wand of flame (9) (quivered)
 d - a wand of enslavement (9)
 e - a wand of random effects (3)
Scrolls
 h - a scroll of magic mapping {unknown}
 i - 3 scrolls of identify {unknown}
 k - a scroll of fear {unknown}
 p - 2 scrolls of remove curse {unknown}
Potions
 j - a potion of might


   Skills:
 + Level 1.8 Fighting
 + Level 1.5 Short Blades
 + Level 3.0 Armour
 + Level 1.6 Dodging
 + Level 1.5 Stealth
 + Level 4.5 Evocations


You had 4 spell levels left.
You didn't know any spells.
Your spell library was empty.

Dungeon Overview and Level Annotations

Branches:
Dungeon (4/15)
 Temple: D:4-7

Altars:
Ashenzari
Elyvilon
Zin
The Shining One


Message History

You puncture the hobgoblin!
You kill the hobgoblin!
The hobgoblin is pulled toward you!
You hit the hobgoblin.
You kill the hobgoblin!
* * * LOW HITPOINT WARNING * * *
You feel sick.
* * * LOW HITPOINT WARNING * * *
You feel sick.
* * * LOW HITPOINT WARNING * * *
You feel sick.
* * * LOW HITPOINT WARNING * * *
You feel sick.
You feel as though your hastened speed will last longer.
* * * LOW HITPOINT WARNING * * *
You feel sick.
You see here a poisoned dart.
* * * LOW HITPOINT WARNING * * *
You feel sick.
You die...

♣♣≈≈# #.##..########
≈≈≈.## #.............
.≈≈≈.# #####.#.#####.
≈≈≈≈.# #####.#.# ##.
♣≈(.# #.......####.#
♣≈..############
#.###.#.....##
♣♣≈....(.....(..# #.#
#....###†#
≈≈≈g#######....†####.#
#......... ≈.≈≈#
#.....@..<.#
##....^##. ≈≈≈g#
#.....###### ##.#..##.
♣♣≈≈#######.....#
#.#..##.
♣≈≈((.g.†.(...##
.#..##.
♣≈≈.#######(..# # #.
≈≈≈≈## #...# #. ...≈#
....... (. #...#
##.......# .....
#........


There were no monsters in sight!

Vanquished Creatures
  A scorpion (D:4)
  Jessica (D:2)
  Terence (D:2)
  An adder (D:3)
  2 worms
  4 dart slugs
  4 leopard geckos
  An orc (D:3)
  4 goblins
  8 hobgoblins
  3 kobolds
  A ball python (D:2)
  7 bats
  6 frilled lizards
  4 rats
48 creatures vanquished.

Vanquished Creatures (collateral kills)
  An adder (D:2)
  A dart slug (D:2)
  A kobold (D:3)
3 creatures vanquished.

Vanquished Creatures (others)
  An adder (D:2)
  A hobgoblin (D:2)
2 creatures vanquished.

Grand Total: 53 creatures vanquished

Notes
Turn   | Place    | Note
-------+----------+-------------------------------------------
     0 | D:1      | H0rd4k the Human Artificer began the quest for the Orb.
     0 | D:1      | Reached XP level 1. HP: 15/15 MP: 1/1
   338 | D:2      | Reached XP level 2. HP: 12/21 MP: 2/2
   486 | D:2      | You fall into a shaft and drop 2 floors!
   487 | D:4      | Noticed a scorpion
   492 | D:4      | Killed a scorpion
   493 | D:4      | Reached skill level 4 in Evocations
   493 | D:4      | Reached XP level 3. HP: 15/26 MP: 3/3
   493 | D:4      | Reached XP level 4. HP: 18/32 MP: 4/4
   819 | D:2      | Found a broken altar of Ashenzari.
   941 | D:2      | Noticed Terence
   960 | D:2      | Killed Terence
   961 | D:2      | Reached XP level 5. HP: 28/37 MP: 5/5
  1966 | D:2      | Noticed Jessica
  1984 | D:2      | Killed Jessica
  2621 | D:2      | Found a glowing silver altar of Zin.
  2622 | D:2      | Found a glowing golden altar of the Shining One.
  2623 | D:2      | Found a white marble altar of Elyvilon.
  2654 | D:2      | Reached skill level 1 in Short Blades
  2939 | D:3      | HP: 1/38 [poisoned by an orc]
  2941 | D:3      | Succumbed to an orc's poison

Illustrated notes

Levels and vault maps discovered:
D:1:      onia_arrival_pyramid, layout_basic, hangedman_decor_points
D:2:      layout_loops_ring, good_gods_temple_1, general_overflow_altar,
          uniq_jessica, uniq_terence
D:3:      layout_loops_ring, kennysheep_boxes
D:4:      layout_basic, serial_shops, nicolae_shop_crystal, kennysheep_mini,
          kennysheep_mini_moat, shop, uniq_duvessa

Skill      XL: |  1  2  3  4  5 |
---------------+----------------+-----
Evocations     | 4 |  4.5
Armour         | 3 |  3.0
Short Blades   | 1 |  1.5
Fighting       | |  1.8
Dodging        | |  1.6
Stealth        | |  1.5

Action                   |  1- 3 |  4- 6 || total
-------------------------+-------+-------++-------
Melee: Dagger            |    22 |   203 ||   225
Evoke: Wand              |     8 |    16 ||    24
  Use: Potion            |       |     7 ||     7
 Stab: Paralysed         |       |     6 ||     6
       Sleeping          |       |     4 ||     4
Armor: Leather armour    |     5 |    43 ||    48
Dodge: Dodged            |    15 |   121 ||   136
